 Dungeon Crawl Stone Soup version 0.24.0-2-g5b39cebb1c (console) character file.

Game seed: 7142548741987293267, levelgen mode: deterministic

79 AlterAsc the Gusty (level 4, -5/24 HPs)
             Began as a Tengu Air Elementalist on Oct 30, 2019.
             Slain by a centaur skeleton (7 damage)
             ... on level 4 of the Dungeon.
             The game lasted 00:09:20 (3338 turns).

AlterAsc the Gusty (Tengu Air Elementalist)         Turns: 3338, Time: 00:09:20

Health: -5/24      AC:  3    Str:  8    XL:     4   Next: 37%
Magic:  0/9        EV: 13    Int: 16    God:
Gold:   143        SH:  0    Dex: 15    Spells: 2/8 levels left

rFire    + . .     SeeInvis .   d - +0 dagger
rCold    x . .     Gourm    .   (no shield)
rNeg     . . .     Faith    .   a - +0 robe
rPois    .         Spirit   .   (helmet restricted)
rElec    .         Reflect  .   (no cloak)
rCorr    .         Harm     .   h - +0 pair of gloves
MR       .....                  (boots unavailable)
Stlth    ++........             (no amulet)
HPRegen  0.08/turn              s - ring of fire
MPRegen  0.11/turn              (no ring)

@: no status effects
A: beak, talons 3
a: no special abilities


You were on level 4 of the Dungeon.
You were not hungry.

You visited 1 branch of the dungeon, and saw 4 of its levels.

You collected 143 gold pieces.

Inventory:

Hand Weapons
 d - a +0 dagger (weapon)
Armour
 a - a +0 robe (worn)
 f - a +0 leather armour
 h - a +0 pair of gloves (worn)
Jewellery
 s - a ring of fire (left hand)
Scrolls
 e - 6 scrolls of identify {unknown}
 j - a scroll of blinking {unknown}
 k - a scroll of enchant armour {unknown}
 l - a scroll of amnesia {unknown}
 o - a scroll of fog {unknown}
 p - 2 scrolls of teleportation {unknown}
 q - a scroll of random uselessness {unknown}
 r - 3 scrolls of fear {unknown}
Potions
 b - a potion of berserk rage {unknown}
 g - a potion of haste {unknown}
 i - 5 potions of heal wounds {unknown}
 m - a potion of curing {unknown}
 n - 2 potions of ambrosia {unknown}
Comestibles
 c - 4 rations


   Skills:
 - Level 2.2 Dodging
 - Level 2.1 Stealth
 + Level 2.8 Spellcasting
 + Level 3.2 Conjurations
 + Level 5.0 Air Magic


You had 2 spell levels left.
You knew the following spells:

 Your Spells              Type           Power        Failure   Level  Hunger
a - Shock                 Conj/Air       ###.         3%          1    #......
b - Swiftness             Chrm/Air       ##......     11%         2    ##.....
c - Static Discharge      Conj/Air       ###.....     11%         3    ###....

Your spell library contained the following spells:

 Spells                   Type           Power        Failure   Level  Hunger
 Airstrike                Air            ###.......   24%         4    #####..
 Lightning Bolt           Conj/Air       ###.......   67%         5    ######.


Dungeon Overview and Level Annotations

Branches:
Dungeon (4/15)
 Temple: D:4-7

Altars:
Dithmenos
Elyvilon
Qazlal


Innate Abilities, Weirdness & Mutations

You have a beak for a mouth.
You have claws for feet.


Message History

The centaur skeleton barely misses you. The centaur skeleton hits you.
The bullfrog zombie closely misses you.
The bullfrog zombie hits you but does no damage.
The centaur skeleton closely misses you.
The centaur skeleton completely misses you.
Casting: Shock (safe; 3% risk of failure)
Confirm with . or Enter, or press ? or * to list all spells.
Aiming: Shock (safe; 3% risk of failure)
Press: ? - help, Shift-Dir - straight line, f/p - centaur skeleton
Aim: a centaur skeleton (heavily damaged)
The zap hits the centaur skeleton.
The centaur skeleton is heavily damaged.
The zap hits the bullfrog zombie.
The bullfrog zombie is heavily damaged.
The centaur skeleton closely misses you.
The centaur skeleton hits you!
* * * LOW HITPOINT WARNING * * *
The centaur skeleton hits you!
You die...

..).##.. ##...
.....#.# #.....
(......# ....#
..#..####...#
##...##...#
#..#.#...#######
.######.##..<#.#.....#
........ZZ............
#)####.@##...#........
......................
#..##..##.####........
# #..#...# #........
...##.### .........
#..##.. .#.......
....... .. #.....#
##..### ## .##### # .#


You could see a bullfrog zombie and a centaur skeleton.

Vanquished Creatures
  An adder (D:2)
  An ooze (D:1)
  An adder zombie (D:4)
  A worm (D:3)
  A dart slug (D:2)
  4 leopard geckos
  2 orcs
  3 giant cockroaches
  3 goblins
  4 hobgoblins
  4 quokkas
  3 ball pythons
  8 bats
  5 frilled lizards
  6 kobolds
  4 rats
51 creatures vanquished.

Notes
Turn   | Place    | Note
-------+----------+-------------------------------------------
     0 | D:1      | AlterAsc the Tengu Air Elementalist began the quest for the
                  | Orb.
     0 | D:1      | Reached XP level 1. HP: 10/10 MP: 4/4
   200 | D:1      | Reached XP level 2. HP: 2/15 MP: 0/6
  1266 | D:2      | Reached XP level 3. HP: 16/19 MP: 0/7
  1517 | D:2      | Learned a level 2 spell: Swiftness
  1521 | D:2      | Learned a level 3 spell: Static Discharge
  2382 | D:3      | Reached XP level 4. HP: 18/24 MP: 0/9
  2481 | D:3      | Found a stormy altar of Qazlal.
  2655 | D:3      | Found a shadowy altar of Dithmenos.
  2656 | D:3      | Found a white marble altar of Elyvilon.
  3047 | D:3      | Reached skill level 5 in Air Magic
  3338 | D:4      | Slain by a centaur skeleton

Levels and vault maps discovered:
D:1:      minmay_arrival_widening_spiral_wide, layout_basic, minivault_5,
          minmay_hedge_maze, minmay_tree_intersection
D:2:      layout_loops_ring
D:3:      layout_basic, gammafunk_temple_overflow_pools, first_ration,
          serial_bayou_ford_a, roderic_lattice_a,
          nicolae_qazlal_general_emergency
D:4:      layout_rooms, serial_undead, serial_undead_e, serial_undead_d,
          serial_undead_e, serial_undead_a, makhleb_blood_cavern_becter

Skill      XL: |  1  2  3  4 |
---------------+-------------+-----
Conjurations   | 2 3 |  3.2
Air Magic      | 5 |  5.0
Dodging        | |  2.2
Stealth        | |  2.1
Spellcasting   | |  2.8

Action                   |  1- 3 |  4- 6 || total
-------------------------+-------+-------++-------
Melee: Unarmed           |     2 |       ||     2
       Peck              |     2 |       ||     2
       Dagger            |     1 |     4 ||     5
 Cast: Shock             |    72 |    35 ||   107
  Eat: Chunk             |     5 |     3 ||     8
Armor: Robe              |     5 |     3 ||     8
Dodge: Dodged            |     8 |    16 ||    24
